 Dungeon Crawl Stone Soup version 0.19.0-24-gb05acd6 (webtiles) character file.

64 pichaelthompson the Cudgeler (level 3, 0/28 HPs)
             Began as a Demonspawn Gladiator on Nov 20, 2016.
             Slain by a leopard gecko (4 damage)
             ... on level 2 of the Dungeon.
             The game lasted 00:05:11 (1438 turns).

pichaelthompson the Cudgeler (Demonspawn Gladiator) Turns: 1438, Time: 00:05:12

Health: 0/28       AC: 12    Str: 16    XL:     3   Next: 91%
Magic:  3/3        EV:  7    Int:  9    God:
Gold:   37         SH:  0    Dex: 13    Spells: 0 memorised, 2 levels left

rFire  . . .     SeeInvis .     a - +0 flail
rCold  . . .     Gourm    .     n - +1 chain mail
rNeg   . . .     Faith    .     (no shield)
rPois  .         Spirit   .     c - +0 helmet
rElec  .         Reflect  .     k - +1 cloak
rCorr  .         Harm     .     (no gloves)
MR     .....     Rnd*Tele +     (no boots)
Stlth  ..........               (no amulet)
                                (no ring)
                                j - ring of teleportation (curse)

@: no status effects
A: claws 1
a: no special abilities


You were on level 2 of the Dungeon.
You were hungry.

You visited 1 branch of the dungeon, and saw 2 of its levels.

You collected 37 gold pieces.

Inventory:

Hand Weapons
 a - a +0 flail (weapon)
Missiles
 d - 3 throwing nets (quivered)
Armour
 c - a +0 helmet (worn)
 k - a +1 cloak (worn)
 n - a +1 chain mail (worn)
Jewellery
 j - a cursed ring of teleportation (left claw)
Scrolls
 b - a scroll of enchant armour
 p - a scroll of amnesia
Potions
 e - a potion of flight {unknown}
 i - a potion of degeneration {unknown}
 m - a potion of curing
 o - a potion of invisibility {unknown}
 q - a potion of lignification
 r - a potion of might
Comestibles
 f - 3 bread rations


   Skills:
 + Level 2.5 Fighting
 + Level 3.4 Maces & Flails
 + Level 2.0 Throwing
 + Level 1.0 Armour
 + Level 3.1 Dodging


You had 2 spell levels left.
You didn't know any spells.

Dungeon Overview and Level Annotations

Branches:
Dungeon (2/15)

Altars:

Annotations:
D:2 Jessica, Sigmund


Innate Abilities, Weirdness & Mutations

You have sharp fingernails.


Message History

The bat hits you but does no damage. The bat barely misses you.
The bat hits you.
* * * LOW HITPOINT WARNING * * *
The leopard gecko barely misses you. The bat hits you but does no damage.
The bat closely misses you. The bat hits you but does no damage.
The bat hits you but does no damage. The bat hits you but does no damage.
The bat closely misses you. The bat barely misses you.
The bat hits you but does no damage. The bat barely misses you.
The bat hits you but does no damage. The leopard gecko bites you.
* * * LOW HITPOINT WARNING * * *
You see here a stone.
The bat hits you but does no damage. The bat closely misses you.
The leopard gecko bites you but does no damage.
The leopard gecko bites you.
You die...

########### #.........#
########
#.#.#.#.#.########......#
#...##...........#.#***,*
#.#.....#.##.###.#.###*.#
#....#(.#@##.# #..)..#*.#
#.....(bl.##.###.#.#.#*.#
###..J..s.##.....#.#.##.#
##.###..########...>..#
#....)..((####......##
###.###.##.(..##.##.#.#
#..J##..##....##.#..<.#
#.....(..#..).##.#...(#
#)..#.[.......##.#....#


You could see an ooze, a leopard gecko, a giant cockroach and a bat.

Vanquished Creatures
  3 adders (D:2)
  2 oozes (D:1)
  2 dart slugs
  4 bats
  2 giant cockroaches (D:1)
  4 goblins
  A hobgoblin (D:1)
  2 ball pythons (D:1)
  4 frilled lizards (D:1)
  3 kobolds (D:1)
27 creatures vanquished.

Notes
Turn   | Place    | Note
-------+----------+-------------------------------------------
     0 | D:1      | pichaelthompson the Demonspawn Gladiator began the quest for the Orb.
     0 | D:1      | Reached XP level 1. HP: 16/16 MP: 1/1
   354 | D:1      | Gained mutation: You have sharp fingernails. [demonic ancestry]
   354 | D:1      | Reached XP level 2. HP: 22/22 MP: 2/2
  1012 | D:1      | Reached XP level 3. HP: 27/28 MP: 3/3
  1037 | D:2      | Noticed Jessica
  1037 | D:2      | Noticed Sigmund
  1198 | D:2      | Reached skill level 1 in Armour
  1438 | D:2      | Slain by a leopard gecko

Skill      XL: |  1  2  3 |
---------------+----------+-----
Maces & Flails | 3 |  3.4
Dodging        | 3 |  3.1
Throwing       | 2 |  2.0
Armour         | 1 |  1.0
Fighting       | |  2.5

Action                   || total
-------------------------++-------
Melee: Flail             ||   105
  Use: Scroll            ||     7
  Eat: Chunk             ||     1
Armor: Leather armour    ||    26
       Chain mail        ||   118
Dodge: Dodged            ||   105
